AoeStats
← :)

Arena

507844318Analyzed
4v4 RM · 13d ago on Sep 19, 2026· 48m 57s· 8 players
Game mode
Random Map
Map size
Large (8 player)
Population
200
Speed
Normal
Resources
Standard
Victory
Conquest
Starting age
Dark Age
Ending age
Imperial Age
RankedLock teamsTeams togetherTeam positionsShared explorationLock speedFull tech treeHidden civsTurbo modeCheats
Victory
Defeat
🇵🇱 Khmer · Poland
1319
+14
🇸🇪 Bohemians · Sweden
1309
+15
🇦🇷 Persians · Argentina
1301
+15
🇧🇷 Maya · Brazil
1288
+15
🇦🇷 Lithuanians · Argentina
1458
-21
🇧🇴 Spanish · Bolivia
1273
-15
🇨🇳 Italians · China
1253
-14
🇲🇽 Hindustanis · Mexico
1128
-9
Adar
11:37 Feudal Age
15:42 Castle Age
14:06 Double-Bit Axe
14:53 Horse Collar
16:53 Bow Saw
22:16 Wheelbarrow
21:27 Loom
21:46 Heavy Plow
26:30 Hand Cart
26:11 Town Watch
26:41 Gold Mining
26:46 Stone Mining
28:45 Ballistics
28:32 Scale Barding Armor
29:14 Gold Shaft Mining
28:56 Husbandry
29:07 Bloodlines
30:33 Chain Barding Armor
30:23 Forging
34:39 Imperial Age
34:21 Light Cavalry
35:42 Iron Casting
35:33 Elite Ballista Elephant
36:14 Double Crossbow
36:36 Conscription
36:22 Siege Engineers
37:18 Chemistry
36:51 Crop Rotation
37:39 Plate Barding Armor
38:41 Blast Furnace
39:09 Coinage
40:15 Hussar
44:34 Fortified Wall
43:59 Capped Ram
45:50 Siege Ram
Zâbina
5:30 Loom
11:43 Feudal Age
12:31 Double-Bit Axe
16:55 Castle Age
15:14 Horse Collar
18:12 Bow Saw
18:07 Heavy Plow
18:27 Fervor
24:01 Fortified Wall
29:54 Imperial Age
28:51 Wheelbarrow
28:00 Pikeman
28:44 Scale Mail Armor
29:58 Chemistry
28:42 Treadmill Crane
29:46 Squires
29:39 Fletching
30:13 Ballistics
30:25 Wagenburg Tactics
31:45 Two-Man Saw
31:30 Conscription
31:40 Chain Mail Armor
32:11 Hand Cart
32:04 Bodkin Arrow
32:45 Caravan
33:05 Arson
33:38 Elite Skirmisher
35:06 Padded Archer Armor
35:17 Forging
37:48 Plate Mail Armor
38:19 Leather Archer Armor
39:28 Iron Casting
40:58 Siege Engineers
42:35 Halberdier
43:06 Houfnice
45:16 Bracer
45:44 Capped Ram
47:16 Man-at-Arms
Rōnin
0:26 Loom
10:36 Feudal Age
16:43 Castle Age
15:08 Double-Bit Axe
15:54 Horse Collar
18:11 Bow Saw
18:16 Gold Mining
18:38 Heavy Plow
20:18 Fletching
21:35 Town Watch
22:36 Bodkin Arrow
23:16 Padded Archer Armor
24:42 Ballistics
28:09 Wheelbarrow
32:58 Leather Archer Armor
38:40 Imperial Age
37:06 Thumb Ring
36:58 Stone Mining
37:04 Stone Mining
39:44 Conscription
40:04 Hand Cart
40:29 Bracer
40:11 Elite Plumed Archer
42:13 Chemistry
42:14 Hand Cart
43:06 Two-Man Saw
42:19 Masonry
41:55 Pikeman
42:37 Scale Mail Armor
43:11 Ring Archer Armor
43:24 Squires
43:28 Scale Mail Armor
44:27 Forging
44:39 Halberdier
45:28 Arson
46:46 Architecture
47:25 Chain Mail Armor
47:26 Town Patrol
49:28 Plate Mail Armor
49:30 Guilds
:)
11:09 Feudal Age
15:07 Castle Age
13:31 Double-Bit Axe
13:47 Horse Collar
15:58 Bow Saw
15:57 Heavy Plow
20:43 Wheelbarrow
25:39 Gold Mining
26:07 Hand Cart
25:38 Loom
25:38 Town Watch
26:00 Stone Mining
30:06 Imperial Age
28:42 Bloodlines
28:34 Husbandry
29:16 Scale Barding Armor
29:22 Forging
30:34 Gold Shaft Mining
30:46 Chain Barding Armor
29:53 Heavy Camel Rider
31:58 Iron Casting
32:54 Plate Barding Armor
35:22 Blast Furnace
36:04 Capped Ram
37:06 Siege Ram
38:35 Town Patrol
41:39 Two-Man Saw
41:09 Crop Rotation
41:17 Stone Shaft Mining
42:29 Light Cavalry
EXILS_ANDRENUS
1:12 Loom
11:34 Feudal Age
14:11 Double-Bit Axe
16:32 Castle Age
14:47 Horse Collar
17:58 Loom
20:20 Heavy Plow
25:01 Fletching
29:11 Wheelbarrow
32:07 Imperial Age
30:58 Hand Cart
31:51 Bodkin Arrow
31:56 Padded Archer Armor
32:31 Ballistics
33:55 Bloodlines
33:46 Husbandry
34:08 Thumb Ring
34:29 Crossbowman
35:15 Bracer
35:31 Arbalester
37:21 Conscription
39:48 Scale Barding Armor
39:59 Leather Archer Armor
41:23 Chemistry
42:36 Light Cavalry
42:46 Elite Skirmisher
44:14 Hussar
46:30 Chain Barding Armor
DSLG | Maxteel97
12:20 Feudal Age
13:25 Double-Bit Axe
16:11 Castle Age
14:09 Horse Collar
18:43 Bow Saw
20:59 Heavy Plow
28:27 Imperial Age
25:59 Gold Mining
26:55 Wheelbarrow
27:37 Scale Barding Armor
27:43 Forging
27:55 Stone Mining
28:41 Gold Shaft Mining
28:54 Chain Barding Armor
29:24 Stone Shaft Mining
29:09 Hand Cart
29:07 Husbandry
29:18 Bloodlines
28:54 Heavy Camel Rider
30:38 Iron Casting
30:50 Imperial Camel Rider
32:32 Plate Barding Armor
31:56 Town Watch
33:22 Light Cavalry
38:13 Hussar
40:37 Blast Furnace
39:29 Fletching
42:57 Bodkin Arrow
42:50 Loom
DSLG | GORDA CACHONDA
1:26 Loom
10:11 Feudal Age
11:17 Loom
15:10 Castle Age
23:48 Padded Archer Armor
25:44 Double-Bit Axe
25:40 Horse Collar
31:15 Wheelbarrow
34:11 Heavy Plow
36:22 Gold Mining
36:48 Bow Saw
37:09 Pikeman
37:50 Squires
38:40 Gambesons
41:58 Imperial Age
39:50 Fortified Wall
40:43 Fletching
41:08 Leather Archer Armor
40:43 Fletching
41:08 Leather Archer Armor
41:17 Ballistics
41:20 Elite Skirmisher
42:21 Halberdier
Tupac_Amaru
10:16 Feudal Age
13:58 Castle Age
12:02 Horse Collar
12:34 Double-Bit Axe
22:13 Wheelbarrow
22:26 Heavy Plow
22:19 Town Watch
22:20 Loom
23:34 Hand Cart
24:28 Scale Barding Armor
28:02 Imperial Age
25:54 Gold Mining
27:01 Chain Barding Armor
27:08 Forging
27:26 Bow Saw
28:32 Bloodlines
28:36 Husbandry
29:33 Iron Casting
29:40 Plate Barding Armor
28:27 Cavalier
31:37 Chemistry
33:12 Pikeman
34:02 Scale Mail Armor
34:06 Paladin
35:19 Squires
35:48 Chain Mail Armor
35:10 Halberdier
40:09 Crop Rotation
40:41 Town Patrol
42:18 Conscription
46:54 Elite Leitis
Connection lost

Rejoining the realm…

Still unreachable

The connection could not be restored.

Session expired

The server has moved on; the page needs a fresh start.